 Dungeon Crawl Stone Soup version 0.30-b1-2-g02819fbbbe (webtiles) character file.

Game seed: 6756406486420005050

2108 Ashen the Ogre Mage (level 9, -1/87 HPs)
             Began as an Ogre Air Elementalist on Jan 17, 2024.
             Was an Initiate of Vehumet.
             Slain by a troll (5 damage)
             ... on level 7 of the Dungeon.
             The game lasted 00:14:05 (8042 turns).

Ashen the Ogre Mage (Ogre Air Elementalist)         Turns: 8042, Time: 00:14:06

Health: -1/87      AC:  7    Str: 17    XL:     9   Next: 28%
Magic:  9/18       EV: 11    Int: 20    God:    Vehumet [......]
Gold:   249        SH:  0    Dex: 15    Spells: 10/20 levels left

rFire   . . .        z - staff of air
rCold   . . .        (no shield)
rNeg    . . .        a - +0 robe
rPois   .            (helmet restricted)
rElec   +            (no cloak)
rCorr   .            (gloves unavailable)
SInv    .            (boots unavailable)
Will    .....        i - amulet of regeneration
Stlth   ++           p - +4 ring of protection
HPRegen 1.14/turn    s - ring of the Messenger {Str+3 Dex+6}
MPRegen 0.16/turn

%: no passive effects
@: swift, quick
A: large, unfitting armour, tough skin 1, inability to drink after injury 1
a: Renounce Religion


You were on level 7 of the Dungeon.
You worshipped Vehumet.
Vehumet was noncommittal.
You visited 2 branches of the dungeon, and saw 9 of its levels.

You collected 408 gold pieces.
You spent 159 gold pieces at shops.

Inventory:

Hand Weapons
 B - a +0 giant spiked club
Missiles
 C - a throwing net
Armour
 a - a +0 robe (worn)
Magical Staves
 z - a staff of air (weapon)
Jewellery
 i - an amulet of regeneration (around neck)
 p - a +4 ring of protection (left hand)
 s - the ring of the Messenger (right hand) {Str+3 Dex+6}
   (You found it on level 5 of the Dungeon)

   [ring of dexterity]

   Str:       It affects your strength (+3).
   Dex:       It affects your dexterity (+6).
 D - a ring of see invisible
Wands
 u - a wand of charming (12)
Scrolls
 e - 3 scrolls of identify {unknown}
 f - 2 scrolls of magic mapping
 g - a scroll of fear {unknown}
 k - 3 scrolls of acquirement {unknown}
 m - 3 scrolls of teleportation
 n - 3 scrolls of fog
 o - 2 scrolls of immolation {unknown}
 v - 3 scrolls of blinking {unknown}
 w - a scroll of amnesia {unknown}
 y - 2 scrolls of poison {unknown}
Potions
 b - a potion of magic
 c - 2 potions of cancellation {unknown}
 d - 2 potions of degeneration {unknown}
 h - a potion of ambrosia {unknown}
 j - a potion of attraction {unknown}
 l - 3 potions of curing {unknown}
 q - 2 potions of heal wounds {unknown}
 r - a potion of haste {unknown}
 t - a potion of resistance {unknown}
 x - 2 potions of might {unknown}
 A - 2 potions of brilliance {unknown}


   Skills:
 + Level 4.8 Fighting
 + Level 2.9 Maces & Flails
 + Level 3.8 Dodging
 - Level 3.0 Stealth
 * Level 6.3 Spellcasting
 * Level 5.0 Conjurations
 * Level 5.6 Air Magic


You had 10 spell levels left.
You knew the following spells:

 Your Spells              Type           Power      Damage    Failure   Level
a - Shock                 Conj/Air       100%       1d9       1%          1
b - Static Discharge      Conj/Air       82%        2-6/arc   1%          2
c - Swiftness             Air            43%        N/A       3%          3
d - Airstrike             Air            21%        2d(4-20)  10%         4

Your spell library contained the following spells:

 Spells                   Type           Power      Damage    Failure   Level
 Frozen Ramparts          Ice            12%        1d2       30%         3
 Gell's Gravitas          Tloc           6%         N/A       30%         3
 Teleport Other           Tloc           6%         N/A       30%         3
 Tukima's Dance           Hex            6%         N/A       30%         3
 Ice Form                 Ice/Tmut       6%         N/A       69%         4
 Leda's Liquefaction      Hex/Erth       3%         N/A       69%         4
 Passage of Golubria      Tloc           6%         N/A       69%         4
 Summon Ice Beast         Ice/Summ       6%         N/A       69%         4
 Lee's Rapid Deconstruct  Erth           3%         3d5*      95%         5
 Yara's Violent Unravell  Hex/Tmut       3%         3d4       95%         5
 Dispersal                Tloc           3%         N/A       100%        6
 Statue Form              Tmut/Erth      4%         N/A       100%        6


Dungeon Overview and Level Annotations

Branches:
Dungeon (8/15)             Temple (1/1) D:7
   Lair: D:8-11

Altars:
Ashenzari
Cheibriados
Dithmenos
Elyvilon
Fedhas
Gozag
Hepliaklqana
Kikubaaqudgha
Makhleb
Nemelex Xobeh
Okawaru
Qazlal
Ru
Sif Muna
Trog
Uskayaw
Vehumet
Wu Jian
Xom
Yredelemnul
Zin
The Shining One

Shops:
D:2 ?   D:4 (   D:6 :

Annotations:
D:8 Maggie, Psyche


Innate Abilities, Weirdness & Mutations

You are too large for most types of armour.
You have tough skin. (AC +1)
You occasionally lose the ability to drink potions when taking damage.


Message History

The troll is lightly wounded.
The lightning grounds out.
The troll bites you! The troll claws you. x2
The orc misses you. The orc hits you with a +0 morningstar.
Unknown command.
Casting: Static Discharge (safe; 1% risk of failure)
Confirm with . or Enter, or press ? or * to list all spells.
You feel a surge of power!
The orc is struck by an arc of lightning.
The orc is heavily wounded.
You resist.
You are struck by an arc of lightning.
The orc is struck by an arc of lightning!
You kill the orc!
Vehumet accepts your kill.
The lightning grounds out.
The troll bites you! The troll claws you!
* * * LOW HITPOINT WARNING * * *
The troll barely misses you. The orc hits you but does no damage.
Unknown command.
Casting: Static Discharge (safe; 1% risk of failure)
Confirm with . or Enter, or press ? or * to list all spells.
You feel a surge of power!
The orc is struck by an arc of lightning.
You kill the orc!
Vehumet accepts your kill. You resist.
You are struck by an arc of lightning.
The troll is struck by an arc of lightning.
The troll is moderately wounded.
You resist.
You are struck by an arc of lightning.
* * * LOW HITPOINT WARNING * * *
The lightning grounds out.
The troll bites you!
* * * LOW HITPOINT WARNING * * *
The troll barely misses you. The troll claws you!
* * * LOW HITPOINT WARNING * * *
Casting: Static Discharge (safe; 1% risk of failure)
Confirm with . or Enter, or press ? or * to list all spells.
You don't know that spell.
Casting: Static Discharge (safe; 1% risk of failure)
Confirm with . or Enter, or press ? or * to list all spells.
You feel a surge of power!
You feel quick. The troll bites you but does no damage. The troll claws you.
You die...

## #........##............ .##
#................###... ..####
#.................###.. ....(###
##................# #..
.......#####................# ##.
...................#........# #.
.............#....##........# ##
............####.T##.......## ##
............# #@.###......# #.
............# #)).###...### #.
#..........## ##....##### ###.
#..........# #......#### ##.#.
##.........# ##.........####..#.
##.........####...............##.
#............##....####......##8.
...................# ####...#...
.............[.....# ###...8.


You could see a troll.

Vanquished Creatures
  A shadow (D:7)
  Eustachio (D:6)
  4 water moccasins
  An orc warrior (D:7)
  A sky beast (D:7)
  An ogre (D:6)
  A phantom (D:5)
  3 bullfrogs
  2 gnoll sergeants
  3 scorpions
  A jelly (D:5)
  2 sleepcaps (D:4)
  2 iguanas
  An orc wizard (D:7)
  11 adders
  19 gnolls
  A white imp (D:5)
  3 worms
  3 dart slugs
  8 orcs
  6 endoplasms
  4 giant cockroaches
  5 goblins
  5 hobgoblins
  7 jackals (D:2)
  7 quokkas
  13 ball pythons
  5 bats
  5 frilled lizards
  6 kobolds
  7 rats
139 creatures vanquished.

Notes
Turn   | Place    | Note
-------+----------+-------------------------------------------
     0 | D:1      | Ashen the Ogre Air Elementalist began the quest for the
                  | Orb.
     0 | D:1      | Reached XP level 1. HP: 16/16 MP: 3/3
    53 | D:1      | Reached skill level 1 in Conjurations
   100 | D:1      | Reached XP level 2. HP: 26/26 MP: 0/5
   637 | D:1      | Reached XP level 3. HP: 32/32 MP: 5/7
   737 | D:1      | Reached skill level 1 in Fighting
  1167 | D:1      | Learned a level 2 spell: Static Discharge
  1171 | D:1      | Learned a level 3 spell: Swiftness
  1179 | D:2      | Reached skill level 3 in Spellcasting
  1359 | D:2      | Reached XP level 4. HP: 30/41 MP: 1/8
  1482 | D:2      | Identified the +6 whip "Escherosk" {heavy, Contam rN+++
                  | Dex+4}
  1916 | D:2      | You fall into a shaft and drop 2 floors!
  2010 | D:3      | Reached XP level 5. HP: 49/49 MP: 2/10
  2356 | D:2      | Found Pipiddir's Magic Scroll Boutique.
  2364 | D:2      | Bought a scroll of teleportation for 33 gold pieces
  2364 | D:2      | Bought a scroll of magic mapping for 82 gold pieces
  2364 | D:2      | Bought a scroll of fog for 44 gold pieces
  2974 | D:3      | Found a bloodstained altar of Trog.
  3112 | D:3      | Reached XP level 6. HP: 38/57 MP: 3/11
  3773 | D:4      | Reached skill level 1 in Maces & Flails
  3773 | D:4      | Reached skill level 4 in Spellcasting
  3948 | D:4      | Found a shimmering blue altar of Sif Muna.
  3957 | D:4      | Found a shadowy altar of Dithmenos.
  4123 | D:4      | Found a broken altar of Ashenzari.
  4173 | D:4      | Found Teil's Antique Weapon Shoppe.
  4229 | D:5      | Entered Level 5 of the Dungeon
  4277 | D:5      | Identified the ring of the Messenger {Str+3 Dex+6}
  4471 | D:5      | Reached XP level 7. HP: 66/66 MP: 7/13
  5185 | D:6      | Noticed Eustachio
  5201 | D:6      | Killed Eustachio
  5202 | D:6      | Reached XP level 8. HP: 71/75 MP: 8/15
  5275 | D:6      | Reached skill level 5 in Spellcasting
  5443 | D:6      | Gained mutation: You occasionally lose the ability to drink
                  | potions when taking damage. [mutagenic glow]
  5833 | D:6      | Found Icruel's Book Boutique.
  6135 | D:7      | Reached skill level 5 in Air Magic
  6275 | D:6      | Learned a level 4 spell: Airstrike
  7058 | D:7      | Found a staircase to the Ecumenical Temple.
  7184 | D:7      | Reached skill level 6 in Spellcasting
  7184 | D:7      | Reached XP level 9. HP: 68/85 MP: 6/18
  7620 | Temple   | Entered the Ecumenical Temple
  7804 | Temple   | Became a worshipper of Vehumet
  7853 | D:8      | Noticed a troll
  7886 | D:8      | Noticed a hornet
  7888 | D:8      | Noticed Psyche
  7914 | D:8      | Noticed Maggie
  7920 | D:7      | Reached skill level 5 in Conjurations
  8041 | D:7      | HP: 3/87 [troll (9)]
  8042 | D:7      | Slain by a troll

Illustrated notes

Levels and vault maps discovered:
D:1:      dpeg_arrival_oval, layout_rooms, nicolae_figureground_pulse
D:2:      layout_basic, serial_shops, shop, grunt_ministairs_8
D:3:      layout_rooms, lemuel_doored_altar, minmay_misc_feat_enclosed,
          kennysheep_nondescript
D:4:      cheibrodos_helix_gallery, layout_basic, mainiacjoe_overflow_swirl,
          lemuel_coloured_pillars_altar, serial_shops,
          nicolae_shop_real_fake_doors
D:5:      layout_rooms, lightli_minifort
D:6:      layout_basic, serial_shops, shop, minmay_misc_feat_pillars,
          uniq_eustachio
D:7:      layout_layer_cave, lemuel_temple_firewalk_a
D:8:      layout_rooms, serial_bayou, serial_bayou_shore_a, serial_bayou_pond_c,
          serial_bayou_crossing, serial_bayou_shore_b,
          nicolae_transmutations_shop, grunt_ministairs_13, uniq_maggie,
          uniq_psyche
Temple:   nicolae_temple_bog_church

Skill      XL: |  1  2  3  4  5  6  7  8  9 |
---------------+----------------------------+-----
Conjurations   | 1 2 3 4 5 |  5.0
Air Magic      | 3 4 5 |  5.6
Fighting       | 1 2 3 4 |  4.8
Dodging        | 2 3 |  3.8
Spellcasting   | 3 4 6 |  6.3
Stealth        | 2 3 |  3.0
Maces & Flails | 1 2 |  2.9

Action                     |  1- 3 |  4- 6 |  7- 9 || total
---------------------------+-------+-------+-------++-------
  Melee: Unarmed           |    17 |       |       ||    17
         Whip              |       |    16 |     1 ||    17
         Staff             |       |       |    11 ||    11
   Cast: Shock             |    63 |   172 |   107 ||   342
         Static Discharge  |     2 |     1 |    21 ||    24
         Swiftness         |       |       |     2 ||     2
         Airstrike         |       |       |     6 ||     6
   Stab: Sleeping          |       |     2 |       ||     2
 Armour: Robe              |     5 |    10 |    20 ||    35
  Dodge: Dodged            |     8 |    30 |    42 ||    80
